 Dungeon Crawl Stone Soup version 0.27-a0-1220-g54dba09ff7 (webtiles) character file.

Game seed: 18015619195559634308

595 Feb132020 the Sneak (level 7, -4/57 HPs)
             Began as a Deep Elf Enchanter on June 7, 2021.
             Slain by an ogre
             ... wielding a +0 giant club
              (11 damage)
             ... on level 3 of the Dungeon.
             The game lasted 00:29:04 (7586 turns).

Feb132020 the Sneak (Deep Elf Enchanter)            Turns: 7586, Time: 00:29:05

Health: -4/57      AC: 23    Str:  6    XL:     7   Next: 16%
Magic:  15/15      EV:  2    Int: 20    God:
Gold:   175        SH:  0    Dex: 22    Spells: 2/14 levels left

rFire    . . .     SeeInvis .   g - +0 rapier
rCold    . . .     Faith    .   (no shield)
rNeg     + + +     Spirit   .   (armour currently unavailable)
rPois    +         Reflect  .   (helmet currently unavailable)
rElec    .         Harm     .   (cloak currently unavailable)
rCorr    +         Rampage  .   (gloves currently unavailable)
Will     .....     NoTele   +   (boots currently unavailable)
Stlth    ++++......             c - amulet of magic regeneration
HPRegen  0.19/turn              h - ring of resist corrosion
MPRegen  0.39/turn              n - +6 ring of dexterity

@: tree-form
A: stationary, stasis, torment immunity, boosted hp
a: no special abilities


You were on level 3 of the Dungeon.
You were a tree.
You visited 1 branch of the dungeon, and saw 6 of its levels.

You collected 175 gold pieces.

Inventory:

Hand Weapons
 a - a +1 dagger
 g - a +0 rapier (weapon)
Missiles
 q - 21 poisoned darts
Armour
 b - a +0 robe
 i - a +0 pair of boots (melded)
 l - a +2 robe of cold resistance (melded)
 u - a +0 hat (melded)
Magical Staves
 p - a staff of fire
Jewellery
 c - an amulet of magic regeneration (around neck)
 h - a ring of resist corrosion (left branch)
 n - a +6 ring of dexterity (right branch)
 s - an amulet of faith
 w - a ring of see invisible
 y - a ring of flight
Scrolls
 f - 5 scrolls of amnesia
 j - a scroll of identify
 m - a scroll of immolation
 x - a scroll of teleportation {unknown}
Potions
 d - a potion of haste {unknown}
 e - a potion of brilliance {unknown}
 k - a potion of might {unknown}
 o - a potion of lignification
 r - a potion of invisibility {unknown}
 t - a potion of flight {unknown}
 v - a potion of magic {unknown}
 z - a potion of ambrosia {unknown}


   Skills:
 + Level 1.2 Fighting
 + Level 4.1 Short Blades
 + Level 3.3 Dodging
 + Level 5.8 Stealth
 + Level 4.4 Spellcasting
 + Level 4.8 Hexes
 * Level 3.3 Ice Magic


You had 2 spell levels left.
You knew the following spells:

 Your Spells              Type           Power      Damage    Failure   Level
a - Corona                Hex            25%        N/A       1%          1
b - Ensorcelled Hibernat  Hex/Ice        40%        N/A       3%          2
c - Confusing Touch       Hex            23%        N/A       4%          3
d - Dazzling Flash        Conj/Hex       28%        N/A       14%         3
e - Tukima's Dance        Hex            23%        N/A       4%          3

Your spell library contained the following spells:

 Spells                   Type           Power      Damage    Failure   Level
 Animate Skeleton         Necr           8%         N/A       12%         1
 Apportation              Tloc           8%         N/A       12%         1
 Foxfire                  Conj/Fire      16%        2x1d4     12%         1
 Summon Small Mammal      Summ           16%        N/A       12%         1
 Inner Flame              Hex/Fire       14%        N/A       14%         3
 Conjure Flame            Conj/Fire      4%         6-21      36%         3
 Sticky Flame             Conj/Fire      4%         2d3       77%         4
 Fireball                 Conj/Fire      2%         3d4       98%         5


Dungeon Overview and Level Annotations

Branches:
Dungeon (6/15)
 Temple: D:4-7

Altars:
Kikubaaqudgha
Makhleb

Shops:
D:5 *

Annotations:
D:3 Sigmund


Message History

Unknown command.
Cast which spell? (? or * to list)
Aiming: Corona (safe; 1% risk of failure)
Press: ? - help, Shift-Dir - straight line, f - ogre
Aim: an ogre, wielding a +0 giant club (wandering, hasn't noticed you, chance to affect: 62%)
The ogre shouts!
The ogre is outlined in light.
The orc wizard gestures wildly while chanting.
The orc wizard flickers and vanishes!
Deactivating autopickup; reactivate with Ctrl-A.
The ogre hits you with a +0 giant club!!
Ouch! That really hurt!
* * * LOW HITPOINT WARNING * * *
You climb upwards.
Reactivating autopickup.
There is a stone staircase leading down here.
The ogre stops glowing.
There is a stone staircase leading up here.
The ogre misses you.
Casting: Corona (safe; 1% risk of failure)
Confirm with . or Enter, or press ? or * to list all spells.
Aiming: Ensorcelled Hibernation (safe; 3% risk of failure)
Press: ? - help, Shift-Dir - straight line, f - ogre
Aim: an ogre, wielding a +0 giant club (chance to affect: 50%)
The ogre resists with some effort.
The ogre closely misses you. The ogre barely misses you.
There is an escape hatch in the ceiling here.
The ogre hits you with a +0 giant club!!
Ouch! That really hurt!
* * * LOW HITPOINT WARNING * * *
A mysterious force pulls you upwards. The hatch slams shut behind you.
Level annotation: Sigmund
Okay, then.
It was a potion of lignification.
You turn into a tree.
Your +0 hat melds into your body.
Your +0 pair of boots melds into your body.
Your +2 robe of cold resistance melds into your body.
You feel less resistant to cold.
Your roots penetrate the ground.
The ogre hits you with a +0 giant club!
You die...

#............#
#.#@#.#.#.#.############
#.....................>#
#.#.#.#.#†#.##########)##
###............#..........# ##
....#.#.#.#.#.##.#######..######.
####....<......#.# #.........
....#.#.#.#.#.##O# ##..#......
####...........#♣# ###...#..####
###.#.#.#.#.##.####.....##.#...
###............#.#........##.##..
#..^#.#.#.#.#.##.#.##.#...##.....
#.##......)......#.##......#.....
#)###.#.#.#.#.#..............P..#
#.##...........###.##......#..P..
#...#.#.#.#.#.## #.##.#...###....
.........##..## #.......## #....


You could see an ogre.

Vanquished Creatures
  3 jellies
  A bullfrog skeleton (D:4)
  2 hounds (D:4)
  2 orc priests
  An iguana (D:4)
  A howler monkey zombie (D:4)
  2 gnolls
  7 adders
  An adder zombie (D:4)
  6 worms
  7 dart slugs
  13 orcs
  11 ball pythons
  4 bats
  9 endoplasms
  5 giant cockroaches
  9 goblins
  5 hobgoblins
  12 jackals
  4 quokkas
  3 frilled lizards
  9 kobolds
  7 rats
124 creatures vanquished.

Vanquished Creatures (collateral kills)
  An ogre (D:4)
  An adder (D:4)
  A kobold (D:4)
3 creatures vanquished.

Vanquished Creatures (others)
  6 withered plants (D:3)
6 creatures vanquished.

Grand Total: 133 creatures vanquished

Notes
Turn   | Place    | Note
-------+----------+-------------------------------------------
     0 | D:1      | Feb132020 the Deep Elf Enchanter began the quest for the
                  | Orb.
     0 | D:1      | Reached XP level 1. HP: 10/10 MP: 6/6
     0 | D:1      | Noticed a jelly
     0 | D:1      | Noticed a jelly
     1 | D:1      | Found a runed translucent door.
   499 | D:1      | Reached skill level 4 in Stealth
   499 | D:1      | Reached XP level 2. HP: 14/15 MP: 6/8
  1298 | D:1      | Learned a level 2 spell: Ensorcelled Hibernation
  2069 | D:2      | Reached XP level 3. HP: 11/19 MP: 6/9
  2491 | D:2      | Reached skill level 1 in Ice Magic
  2701 | D:2      | Found a faded altar of an unknown god.
  2768 | D:2      | Reached XP level 4. HP: 24/24 MP: 11/11
  3213 | D:1      | Learned a level 3 spell: Confusing Touch
  3453 | D:1      | Reached XP level 5. HP: 8/28 MP: 12/12
  4232 | D:1      | Learned a level 3 spell: Dazzling Flash
  4449 | D:3      | Found an ancient bone altar of Kikubaaqudgha.
  5292 | D:3      | Reached skill level 5 in Stealth
  5773 | D:3      | Noticed Sigmund
  5950 | D:4      | Reached XP level 6. HP: 32/33 MP: 13/13
  6099 | D:4      | Reached skill level 1 in Fighting
  6113 | D:4      | You fall into a shaft and drop 2 floors!
  6165 | D:5      | Entered Level 5 of the Dungeon
  6167 | D:5      | Found Gigachei's Assorted Antiques.
  6236 | D:4      | Found a burning altar of Makhleb.
  7005 | D:4      | Reached XP level 7. HP: 22/38 MP: 12/15
  7419 | D:4      | Learned a level 3 spell: Tukima's Dance
  7586 | D:3      | Slain by an ogre

Illustrated notes

Levels and vault maps discovered:
D:1:      dpeg_arrival_caged_fury, layout_loops_ring, grunt_decor_mini_mirrors
D:2:      layout_basic, shapermc_ecumenical_altar_starsandcircs
D:3:      minmay_chambers_of_threes, layout_loops_ring,
          kiku_gazebo_garden_becter, st_stairs_11, uniq_sigmund
D:4:      minmay_octagon_keep, layout_loops_ring, bloody_makhleb
D:5:      layout_cave_pools, lemuel_temple_firewalk_b, serial_shops,
          nicolae_shop_overgrown_old_shop, kennysheep_generic_room_9,
          uniq_menkaure
D:6:      layout_cave_pools, serial_shops, nicolae_shop_behind_doors,
          lemuel_old_faithful

Skill      XL: |  1  2  3  4  5  6 |
---------------+-------------------+-----
Stealth        | 4 5 |  5.8
Ice Magic      | 1 2 3 |  3.3
Short Blades   | 2 3 4 |  4.1
Dodging        | 3 |  3.3
Fighting       | 1 |  1.2
Spellcasting   | 4 |  4.4
Hexes          | |  4.8

Action                   |  1- 3 |  4- 6 |  7- 9 || total
-------------------------+-------+-------+-------++-------
Melee: Dagger            |    85 |       |       ||    85
       Rapier            |    46 |   286 |    27 ||   359
 Cast: Corona            |    21 |    15 |     2 ||    38
       Ensorcelled Hiber |     5 |    27 |     2 ||    34
       Confusing Touch   |       |     1 |     1 ||     2
  Use: Scroll            |       |     6 |       ||     6
       Potion            |       |       |     1 ||     1
 Stab: Sleeping          |    10 |    20 |     1 ||    31
       Distracted        |       |     3 |       ||     3
       Confused          |       |     1 |     2 ||     3
Armor: Robe              |    30 |    71 |     5 ||   106
Dodge: Dodged            |    93 |   199 |    23 ||   315

Table legend: (Time is in decaauts)
 A = Elapsed time spent in this place.
 B = Non-inter-level travel time spent in this place.
 C = Inter-level travel time spent in this place.
 D = Time resting spent in this place.
 E = Time spent auto-exploring this place.
 F = Levels seen in this place.
 G = Mean time per level.
                   A        B        C        D        E       F      G
               +--------+--------+--------+--------+--------+-----+--------+
         Total |   7609 |   7323 |    286 |    294 |   5587 |   6 | 1268.2 |
       Dungeon |   7609 |   7323 |    286 |    294 |   5587 |   6 | 1268.2 |
               +--------+--------+--------+--------+--------+-----+--------+

Top non-repeatable levels by time:
     D:1: 3094 daAuts
     D:3: 1701 daAuts
     D:4: 1505 daAuts
     D:2: 1225 daAuts
     D:6: 51 daAuts
     D:5: 31 daAuts
